 Dungeon Crawl Stone Soup version 0.31-a0-868-g674d60d6f7 (webtiles) character file.

Game seed: 13586507013544526338

275 Shayle the Ruffian (level 6, 0/47 HPs)
             Began as a Human Shapeshifter on Oct 12, 2023.
             Slain by an iguana (1 damage)
             ... on level 4 of the Dungeon.
             The game lasted 00:05:20 (3014 turns).

Shayle the Ruffian (Human Shapeshifter)             Turns: 3014, Time: 00:05:20

Health: 0/47       AC:  2    Str: 12 (14) XL:     6   Next: 49%
Magic:  6/6        EV: 12    Int: 12 (13) God:
Gold:   152        SH:  0    Dex: 10 (12) Spells: 5/5 levels left

rFire   . . .        i - +6 whip "Udwe" {flame, rPois}
rCold   . . .        (no shield)
rNeg    . . .        a - +0 animal skin
rPois   +            (helmet currently unavailable)
rElec   .            (cloak currently unavailable)
rCorr   .            (gloves currently unavailable)
SInv    .            (boots currently unavailable)
Will    .....        (no amulet)
Stlth   +            (no ring)
HPRegen 0.27/turn    (no ring)
MPRegen 0.10/turn

%: no passive effects
@: beast-form
A: beast (slay +2)
a: Begin Untransformation


You were on level 4 of the Dungeon.
You were a hulking beast.
You visited 2 branches of the dungeon, and saw 5 of its levels.

You collected 152 gold pieces.

Inventory:

Hand Weapons
 g - a +1 short sword of venom
 i - the +6 whip "Udwe" (weapon) {flame, rPois}
   (You found it on level 2 of the Dungeon)

   rPois:     It protects you from poison
 w - the +8 spear "Tup Hovi" {antimagic, rC+ rN+ Str+2}
   (You found it on level 4 of the Dungeon)

   Str+2:     It affects your strength (+2).
   rC+:       It protects you from cold.
   rN+:       It protects you from negative energy.
Armour
 a - a +0 animal skin (worn)
 f - a +0 helmet
 v - a +2 pair of gloves
Jewellery
 n - an amulet of faith
Talismans
 c - a beast talisman (active)
 d - a flux talisman
Wands
 p - a wand of iceblast (7)
Scrolls
 e - 4 scrolls of identify {unknown}
 h - a scroll of revelation {unknown}
 j - a scroll of teleportation {unknown}
 k - 3 scrolls of noise
 o - a scroll of poison {unknown}
 q - a scroll of enchant armour {unknown}
 r - a scroll of immolation {unknown}
 s - 2 scrolls of vulnerability {unknown}
 t - a scroll of enchant weapon {unknown}
Potions
 m - 3 potions of degeneration


   Skills:
 + Level 3.0 Fighting
 + Level 3.5 Dodging
 + Level 4.2 Unarmed Combat
 + Level 4.1 Shapeshifting


You had 5 spell levels left.
You didn't know any spells.
Your spell library contained the following spells:

 Spells                   Type           Power      Damage    Failure   Level
 Shock                    Conj/Air       0%         1d3       32%         1
 Ensorcelled Hibernation  Hex/Ice        0%         N/A       45%         2
 Passwall                 Tmut/Erth      0%         N/A       45%         2
 Wereblood                Tmut           0%         N/A       45%         2
 Swiftness                Air            0%         N/A       69%         3
 Irradiate                Conj/Tmut      0%         3d11      100%        5


Dungeon Overview and Level Annotations

Branches:
Dungeon (4/15)             Temple (1/1) D:4

Altars:
Dithmenos
Gozag
Hepliaklqana
Kikubaaqudgha
Nemelex Xobeh
Qazlal
Ru
Sif Muna
Trog
Uskayaw
Vehumet
Yredelemnul
Zin


Message History

An iguana comes into view.
The hobgoblin shouts!
The quokka twitches its whiskers.
The quokka closely misses you.
You closely miss the quokka. The quokka bites you.
You whack the quokka! You burn the quokka.
You kill the quokka!
The adder bites you but does no damage.
You closely miss the adder.
A giant cockroach comes into view.
The adder bites you.
You barely miss the adder. The adder completely misses you.
The adder bites you.
You hit the adder. You burn the adder.
The adder is heavily wounded.
The adder bites you.
You whack the adder! You burn the adder.
You kill the adder!
You hit the iguana. You burn the iguana.
The iguana is lightly wounded.
The iguana bites you!
You barely miss the iguana.
The iguana is lightly wounded.
The iguana bites you.
You hit the iguana. You burn the iguana. You punch the iguana.
The iguana is heavily wounded.
The iguana bites you!
* * * LOW HITPOINT WARNING * * *
You hit the iguana. You burn the iguana.
The iguana is severely wounded.
The iguana bites you!
* * * LOW HITPOINT WARNING * * *
Okay, then.
Okay, then.
As you read the scroll labelled WOTUEH GOMNACU, it crumbles to dust.
You hear a loud clanging noise!
It was a scroll of noise.
You hear a bark!
You hear a shout! x2
The iguana bites you.
You die...

. #. #...#
#.# #....#
#.##...###.
###..#
#....†...#
..#
#........#
..#
##...<...#
..#
##..#.(.#.#
#....###..#
#....##.#
.....
####.#.h#
.....+ #
#.#lB.#####.
#. K..# ##
#..'. ..#..$
..# ## +. .#


You could see an iguana, a giant cockroach and a kobold.

Vanquished Creatures
  A scorpion (D:4)
  Ijyb (D:3)
  Natasha (thrice) (D:3)
  3 adders
  5 worms
  2 dart slugs
  An orc (D:4)
  3 ball pythons
  2 bats
  8 endoplasms
  4 giant cockroaches
  3 goblins
  5 hobgoblins
  11 jackals
  6 quokkas
  2 frilled lizards (D:1)
  6 kobolds
  4 rats
70 creatures vanquished.

Notes
Turn   | Place    | Note
-------+----------+-------------------------------------------
     0 | D:1      | Shayle the Human Shapeshifter began the quest for the Orb.
     0 | D:1      | Reached XP level 1. HP: 15/15 MP: 1/1
    46 | D:1      | Found a faded altar of an unknown god.
    69 | D:1      | Reached XP level 2. HP: 20/21 MP: 2/2
   160 | D:1      | Got a resplendent book
   346 | D:1      | Reached XP level 3. HP: 26/26 MP: 3/3
  1152 | D:2      | Identified the +6 whip "Udwe" {flame, rPois}
  1392 | D:2      | Reached XP level 4. HP: 30/33 MP: 4/4
  1855 | D:3      | Noticed Ijyb
  1861 | D:3      | Noticed Natasha
  1865 | D:3      | Killed Ijyb
  1866 | D:3      | Reached XP level 5. HP: 31/38 MP: 5/5
  1867 | D:3      | Killed Natasha
  1976 | D:3      | Noticed Natasha
  1979 | D:3      | Killed Natasha
  2053 | D:3      | Noticed Natasha
  2060 | D:3      | Killed Natasha
  2182 | D:3      | Found an opulent altar of Gozag.
  2229 | D:3      | Found a sparkling altar of Nemelex Xobeh.
  2266 | D:3      | Found a sacrificial altar of Ru.
  2571 | D:4      | Reached XP level 6. HP: 32/44 MP: 6/6
  2651 | D:4      | Identified the +8 spear "Tup Hovi" {antimagic, rC+ rN+
                  | Str+2}
  2699 | D:4      | Found a staircase to the Ecumenical Temple.
  2711 | Temple   | Entered the Ecumenical Temple
  3013 | D:4      | HP: 1/47 [iguana (9)]
  3014 | D:4      | Slain by an iguana

Illustrated notes

Levels and vault maps discovered:
D:1:      scummos_arrival_forest, layout_loops_corners,
          shapermc_ecumenical_altar_rom_forum, hex_medium
D:2:      layout_loops_corners
D:3:      layout_loops_ring, mainiacjoe_overflow_small_starburst,
          mainiacjoe_overflow_alcove_2, general_overflow_altar,
          dreamdust_princess_corridor, kennysheep_boxes, uniq_natasha, uniq_ijyb
D:4:      layout_loops_ring, temple_green, minmay_fractal_squares_diagonal_5,
          uniq_sigmund
Temple:   chequers_temple_sunken

Skill      XL: |  1  2  3  4  5  6 |
---------------+-------------------+-----
Fighting       | 2 3 |  3.0
Dodging        | 3 |  3.5
Unarmed Combat | 4 |  4.2
Shapeshifting  | 4 |  4.1

Action                     |  1- 3 |  4- 6 || total
---------------------------+-------+-------++-------
  Melee: Unarmed           |    72 |       ||    72
         Short sword       |    27 |       ||    27
         Whip              |     5 |    81 ||    86
         Punch             |       |     4 ||     4
    Use: Potion            |       |     4 ||     4
         Scroll            |       |     1 ||     1
   Stab: Sleeping          |     1 |       ||     1
 Armour: Animal skin       |    41 |    47 ||    88
         Skin              |       |    18 ||    18
  Dodge: Dodged            |    55 |    44 ||    99

Table legend: (Time is in decaauts)
 A = Elapsed time spent in this place.
 B = Non-inter-level travel time spent in this place.
 C = Inter-level travel time spent in this place.
 D = Time resting spent in this place.
 E = Time spent auto-exploring this place.
 F = Levels seen in this place.
 G = Mean time per level.
                   A        B        C        D        E       F      G
               +--------+--------+--------+--------+--------+-----+--------+
         Total |   3023 |   2971 |     52 |    165 |   2137 |   5 |  604.6 |
       Dungeon |   2988 |   2936 |     52 |    165 |   2137 |   4 |  747.0 |
        Temple |     35 |     35 |      0 |      0 |      0 |   1 |   35.0 |
               +--------+--------+--------+--------+--------+-----+--------+

Top non-repeatable levels by time:
     D:3: 929 daAuts
     D:1: 922 daAuts
     D:2: 816 daAuts
     D:4: 320 daAuts
  Temple: 35 daAuts
